Map: Acid Plant LE

Players

eonblu

  • Race: Zerg Zerg
  • Spawn Location: 5:00

ShoWTimE - Winner!

  • Race: Protoss Protoss
  • Spawn Location: 11:00

Event: WCS Montreal 2018

VOD

Have the link to the VOD?

Description

Time

  • Played on: Sept. 7, 2018, 12:18 p.m.
  • Length: 11:41

All games in this series

Show
View Real Time Build Order
Export as new Build Order

eonblu Zerg 

Build Orders: Hatch First, Lurkers, Roach Hydra 

Get SALT Encoding   

  12  0:01  Drone  
  13  0:12  Overlord  
  13  0:16  Drone  
  14  0:30  Drone x2  
  16  0:49  Hatchery  
  15  0:50  Drone  
  15  0:54  Drone  
  17  1:04  Extractor  
  17  1:09  Spawning Pool  
  15  1:15  Drone  
  15  1:17  Drone  
  17  1:20  Drone  
  18  1:32  Drone  
  19  1:40  Overlord  
  19  1:51  Drone  
  20  1:58  Queen  
  20  2:00  Queen  
  20  2:01  Zergling x2  
  25  2:02  Zergling x2  
  26  2:08  Metabolic Boost  
  26  2:12  Drone  
  27  2:15  Drone  
  28  2:23  Drone x2  
  30  2:32  Drone  
  31  2:41  Hatchery  
  30  2:46  Queen  
  30  2:51  Overlord  
  32  2:53  Drone  
  32  2:56  Drone  
  34  3:00  Drone x2  
  36  3:09  Drone  
  36  3:10  Drone  
  36  3:11  Drone x3  
  41  3:16  Overlord  
  41  3:19  Drone  
  42  3:23  Drone x2  
  44  3:28  Overlord  
  44  3:37  Drone x2  
  46  3:42  Overlord  
  46  3:47  Drone  
  47  3:50  Drone x3  
  47  3:52  Spore Crawler, Drone  
  47  3:53  Spore Crawler, Drone  
  50  3:56  Queen  
  50  4:00  Drone x2  
  54  4:05  Drone x3, Spore Crawler  
  54  4:07  Extractor  
  54  4:08  Extractor  
  54  4:11  Drone  
  54  4:12  Drone  
  54  4:16  Drone x2, Evolution Chamber  
  54  4:17  Drone  
  58  4:20  Drone  
  58  4:21  Drone  
  60  4:26  Roach Warren  
  60  4:31  Drone x4  
  61  4:33  Drone  
  61  4:37  Drone x3  
  65  4:42  Zerg Missile Weapons Level 1  
  65  4:48  Lair  
  65  4:49  Overlord  
  64  4:57  Drone  
  65  5:00  Extractor  
  65  5:01  Drone x2  
  65  5:02  Extractor  
  65  5:17  Drone x2  
  65  5:18  Overlord x2  
  65  5:19  Drone x2  
  69  5:22  Roach x2  
  72  5:37  Roach  
  72  5:38  Roach x7  
  88  5:45  Overlord x2  
  88  5:50  Spore Crawler x2  
  88  5:52  Spore Crawler  
  88  5:56  Overlord  
  84  5:57  Overlord  
  78  6:09  Drone x5  
  78  6:10  Drone x6, Spire  
  84  6:12  Drone  
  84  6:13  Drone  
  84  6:18  Spore Crawler  
  84  6:19  Drone  
  84  6:21  Drone x2  
  84  6:22  Drone  
  84  6:24  Drone  
  84  6:25  Drone  
  89  6:29  Extractor  
  84  6:36  Drone x3  
  84  6:37  Spore Crawler  
  84  6:38  Glial Reconstitution  
  84  6:39  Zerg Missile Weapons Level 2  
  82  6:45  Drone  
  82  6:46  Drone x2, Spore Crawler  
  81  6:49  Drone x2  
  81  6:51  Drone  
  81  6:52  Queen x2  
  81  6:54  Queen  
  88  7:09  Drone x3, Hydralisk Den  
  77  7:37  Overlord x2  
  77  7:38  Overlord  
  77  7:39  Hydralisk x5  
  77  7:40  Hydralisk x2  
  77  7:42  Grooved Spines  
  87  7:52  Overlord  
  87  7:56  Hydralisk x5  
  96  8:09  Drone x3, Lurker Den  
  96  8:10  Drone  
  97  8:15  Hydralisk x8  
  107  8:20  Hatchery  
  107  8:22  Hydralisk  
  108  8:27  Pneumatized Carapace  
  108  8:29  Drone x2  
  108  8:32  Zergling x2  
  111  8:38  Hydralisk x2  
  115  8:47  Zergling x8  
  119  9:02  Zerg Ground Armor Level 1  
  119  9:03  Muscular Augments  
  119  9:05  Extractor, Overlord x2  
  119  9:06  Overlord x3  
  119  9:09  Extractor, Spore Crawler  
  116  9:10  Spore Crawler, Zergling x2  
  116  9:11  Zergling x6  
  116  9:13  Hydralisk  
  120  9:23  Overlord x5  
  120  9:32  Drone  
  120  9:33  Drone x4  
  120  9:34  Drone  
  120  9:37  Lurker x6  
  120  9:38  Lurker x8  
  140  9:39  Hydralisk  
  140  9:42  Zergling x2  
  140  9:43  Zergling x10  
  148  9:46  Spore Crawler  
  148  9:48  Overseer x3  
  148  9:51  Hydralisk  
  149  9:58  Hydralisk x2  
  153  10:05  Zergling x2  
  153  10:06  Zergling x16  
  162  10:12  Hydralisk  
  162  10:13  Hydralisk x2  
  158  10:21  Hydralisk x4  
  159  10:30  Hydralisk x3  
  159  10:31  Hydralisk  
  135  10:42  Zergling x18  
  127  10:43  Zergling x2  
  128  10:50  Hydralisk x3  
  128  10:56  Drone x3  
  136  11:05  Lurker x2  
  136  11:07  Zergling x12  
  136  11:10  Lurker  
  136  11:11  Lurker x2  
  147  11:13  Zergling x2  
  147  11:14  Zergling x8  
  147  11:17  Hydralisk x4  
  143  11:28  Lurker x4  
Show
View Real Time Build Order
Export as new Build Order

ShoWTimE Protoss - Winner!

Build Orders: 1 Gate Expand, Oracle Opening, Phoenix Opening, Mass Phoenix 

Get SALT Encoding   

  12  0:00  Probe  
  13  0:12  Probe  
  14  0:17  Pylon  
  14  0:24  Probe  
  15  0:32  Probe  
  15  0:38  Gateway  
  15  0:40  Probe  
  16  0:46  Assimilator  
  17  0:51  Probe  
  18  1:03  Probe  
  19  1:15  Probe  
  20  1:24  Nexus  
  20  1:35  Cybernetics Core  
  20  1:38  Probe  
  21  1:44  Assimilator  
  21  1:50  Probe  
  22  1:54  Pylon  
  22  2:02  Probe  
  22  2:03  Adept  
  23  2:14  Probe  
  26  2:16  Stargate  
  26  2:23  Warp Gate  
  26  2:26  Probe  
  27  2:30  Adept  
  27  2:32  Probe  
  27  2:35  Probe  
  30  2:41  Probe  
  30  2:43  Probe  
  31  2:51  Probe  
  33  2:52  Probe  
  33  2:56  Phoenix  
  35  3:03  Probe  
  35  3:05  Probe  
  39  3:12  Pylon  
  39  3:15  Probe  
  39  3:17  Probe  
  39  3:18  Gateway  
  41  3:20  Oracle  
  44  3:27  Probe  
  44  3:29  Probe  
  46  3:35  Assimilator  
  46  3:37  Assimilator  
  46  3:39  Probe  
  46  3:41  Probe  
  48  3:42  Stargate  
  48  3:51  Probe  
  48  3:53  Pylon, Probe  
  50  4:00  Phoenix  
  52  4:03  Probe  
  52  4:05  Probe  
  52  4:08  Pylon  
  54  4:15  Probe  
  55  4:17  Probe  
  55  4:21  Phoenix x2  
  60  4:36  Adept x2  
  64  4:40  Pylon  
  64  4:44  Phoenix x2  
  68  4:54  Pylon  
  68  4:56  Nexus  
  68  4:57  Probe x2  
  70  5:01  Phoenix  
  70  5:02  Phoenix  
  70  5:09  Probe  
  75  5:15  Shield Battery  
  75  5:17  Pylon, Probe  
  76  5:24  Phoenix  
  76  5:25  Probe  
  80  5:37  Robotics Facility  
  80  5:38  Phoenix  
  80  5:42  Robotics Facility  
  81  5:49  Phoenix  
  83  5:54  Probe  
  83  5:55  Probe  
  85  6:03  Protoss Air Weapons Level 1  
  85  6:07  Probe x2  
  85  6:10  Probe  
  88  6:11  Sentry  
  88  6:14  Shield Battery  
  88  6:18  Stalker  
  92  6:19  Probe x2  
  92  6:20  Immortal  
  92  6:21  Observer  
  92  6:23  Probe  
  95  6:31  Probe x2  
  102  6:33  Forge  
  102  6:35  Probe  
  102  6:38  Twilight Council  
  103  6:43  Probe x2  
  105  6:47  Probe, Assimilator  
  105  6:51  Pylon  
  105  6:53  Pylon x2, Assimilator  
  106  6:55  Probe x2  
  106  6:57  Void Ray x2  
  106  6:59  Probe  
  109  7:05  Pylon  
  109  7:08  Pylon  
  109  7:13  Stalker x2  
  121  7:21  Gateway  
  119  7:23  Gateway  
  119  7:31  Void Ray x2  
  119  7:38  Pylon, Protoss Ground Weapons Level 1, Photon Cannon  
  119  7:39  Charge  
  119  7:43  Photon Cannon  
  127  7:48  Immortal  
  131  7:56  Photon Cannon  
  131  8:01  Immortal  
  131  8:08  Gateway  
  131  8:10  Gateway  
  135  8:13  Gateway  
  135  8:16  Immortal  
  135  8:26  Gateway  
  135  8:28  Gateway, Photon Cannon  
  139  8:39  Immortal  
  139  8:40  Shield Battery  
  139  8:41  Templar Archives  
  139  8:43  Shield Battery  
  139  8:44  Shield Battery  
  139  8:47  Shield Battery x2  
  139  8:48  Immortal  
  143  8:50  Pylon  
  143  8:55  Probe  
  148  9:06  Sentry  
  150  9:11  Pylon  
  150  9:15  Nexus  
  150  9:18  Immortal  
  150  9:20  Pylon, Psionic Storm  
  154  9:27  Immortal  
  154  9:29  Pylon  
  154  9:30  Pylon  
  158  9:36  High Templar x3  
  164  9:41  High Templar  
  164  9:45  Photon Cannon  
  166  9:46  Photon Cannon  
  166  9:53  Shield Battery  
  166  10:05  Fleet Beacon  
  166  10:08  Shield Battery  
  166  10:10  Assimilator  
  166  10:12  Shield Battery  
  166  10:15  Assimilator  
  166  10:16  Photon Cannon  
  166  10:23  Zealot x2  
  166  10:24  Zealot x2  
  160  10:37  High Templar x3  
  160  10:39  Probe x3  
  160  10:40  Warp Prism, Probe  
  160  10:41  Zealot x2  
  174  10:43  Observer  
  179  10:56  Photon Cannon  
  178  10:57  Photon Cannon  
  185  11:08  Zealot x3  
  185  11:10  Zealot  
  193  11:14  Zealot  
  193  11:15  Probe  
  192  11:18  Probe  
  192  11:19  Probe  
  194  11:27  Probe, Zealot x2  
Tags
 
Add a new tag
Caveats
  • Supply blocks, unpowered buildings, or Contaminate may cause inaccurate times.
  • Supply counts are checked every 10 seconds.